 Dungeon Sprint DCSS version 0.30.1-9-gdf580d7c3d (webtiles) character file.

Game seed: 13532442815062148718

3659 Heoruswealwe the Impaler (level 9, 0/95 HPs)
             Began as a Minotaur Fighter on Sept 25, 2023.
             Was an Initiate of Gozag.
             Slain by a wraith (2 damage)
             ... led by Josephine
             ... in the Dungeon (Sprint IX: "|||||||||||||||||||||||||||||").
             The game lasted 00:04:43 (605 turns).

Heoruswealwe the Impaler (Minotaur Fighter)          Turns: 605, Time: 00:04:43

Health: 0/95       AC: 23    Str: 24    XL:     9   Next: 89%
Magic:  8/8        EV:  7    Int:  5    God:    Gozag
Gold:   1305       SH:  0    Dex: 11    Spells: 8/8 levels left

rFire   . . .        b - +2 halberd (protect)
rCold   . . .        (shield currently unavailable)
rNeg    . . .        c - +0 plate armour
rPois   .            (helmet restricted)
rElec   .            (no cloak)
rCorr   .            (no gloves)
SInv    .            (no boots)
Will    .....        (no amulet) Stlth
                     (no ring)
HPRegen 0.35/turn    (no ring)
MPRegen 0.11/turn

%: no teleportation
@: gold aura, under a protective aura, slowed, very slow
A: horns 2, retaliatory headbutt
a: Renounce Religion, Potion Petition, Call Merchant, Bribe Branch


You were in the Dungeon.
You worshipped Gozag.
Gozag was most pleased with you.
You visited 1 branch You collected 1305 gold pieces.

Inventory:

Hand Weapons
 a - a +0 trident
 b - a +2 halberd of protection (weapon)
Armour
 c - a +0 plate armour (worn)
 d - a +0 buckler
Wands
 i - a wand of quicksilver (10)
Scrolls
 j - 2 scrolls of blinking
Potions
 e - 4 potions of curing
 f - 3 potions of heal wounds
 h - a potion of invisibility


   Skills:
 + Level 14.2 Fighting
 * Level 19.1 Polearms
 + Level 14.2 Armour
 - Level 3.6 Shields


You had 8 spell levels left.
You didn't know any spells.
Your spell library was empty.

Dungeon Overview and Level Annotations

Branches:
Dungeon (1/1)

Altars:
Cheibriados
Dithmenos
Elyvilon
Fedhas
Gozag
Hepliaklqana
Kikubaaqudgha
Makhleb
Nemelex Xobeh
Okawaru
Qazlal
Ru
Sif Muna
Trog
Uskayaw
Vehumet
Wu Jian
Xom
Yredelemnul
Zin
The Shining One
Jiyva
Lugonu


Innate Abilities, Weirdness & Mutations

You have a pair of horns on your head.
You reflexively headbutt those who attack you in melee.


Message History

The ghostly fireball engulfs Josephine.
Josephine completely resists.
You slice Josephine!!
You kill Josephine!
Your life force feels restored.
Your Fighting skill increases to level 14!
Your Polearms skill increases to level 19!
Your Armour skill increases to level 14!
The wraith hits you but does no damage.
Things that are here:
36 gold pieces; a +1 dagger of venom; a +0 robe You impale the wraith!!
You headbutt the wraith, but do no damage.
The wraith is severely damaged.
The wraith hits you.
* * * LOW HITPOINT WARNING * * *
The wraith drains your vigour!
You feel yourself slow down.
You closely miss the wraith.
The wraith is severely damaged.
The wraith hits you!
* * * LOW HITPOINT WARNING * * *
You slash the wraith!
The wraith is almost destroyed.
The wraith hits you!
* * * LOW HITPOINT WARNING * * *
The wraith drains your vigour!
You feel as though you will be slow longer.
The wraith is distracted by your dazzling golden aura.
You closely miss the wraith.
The wraith is almost destroyed.
The wraith hits you!
* * * LOW HITPOINT WARNING * * *
You hit the wraith but do no damage.
The wraith is almost destroyed.
The wraith hits you but does no damage.
You hit the wraith but do no damage.
The wraith is almost destroyed.
The wraith is no longer distracted by gold.
The wraith hits you.
You die...
Your body crumbles into a pile of gold.

▓▓▓▓▓
▓...▓
▓.▓.▓
▓'▓.▓
▓.▓.▓
▓.▓.▓
▓.▓.▓
▓.▓$▓
▓)▓@▓
▓.▓W▓
▓'▓W▓
▓.▓.▓
$
▓.▓.▓
$
▓.▓.▓$
$
▓.▓.▓
$
▓.▓.▓
$ ▓[▓


You could see 2 wraiths.

Vanquished Creatures
  Josephine (D)
  A centaur warrior (D)
  A hydra (D)
  An ugly thing (D)
  A troll (D)
  A slime creature (D)
  A yak (D)
  2 wraiths (D)
  An acid dragon (D)
  A black bear (D)
  An orc warrior (D)
  An ogre (D)
  A kobold brigand (D)
  A scorpion (D)
  A killer bee (D)
  A howler monkey (D)
  A gnoll bouda (D)
  A hound (D)
  An adder (D)
  An endoplasm (D)
  A goblin (D)
  A hobgoblin (D)
  A kobold (D)
  A bat (D)
25 creatures vanquished.

Notes
Turn   | Place    | Note
-------+----------+-------------------------------------------
     0 | D        | Heoruswealwe the Minotaur Fighter began the quest for the
                  | Orb.
     0 | D        | Reached XP level 1. HP: 19/19 MP: 0/0
     6 | D        | Reached skill level 3 in Polearms
    17 | D        | Noticed a hound
    17 | D        | Noticed a black bear
    17 | D        | Noticed an ogre
    17 | D        | Noticed a scorpion
    19 | D        | Killed a scorpion
    20 | D        | Reached skill level 5 in Fighting
    20 | D        | Reached skill level 6 in Polearms
    20 | D        | Reached skill level 5 in Armour
    20 | D        | Reached XP level 2. HP: 30/30 MP: 1/1
    20 | D        | Reached XP level 3. HP: 37/37 MP: 2/2
    22 | D        | Killed an ogre
    23 | D        | Reached skill level 9 in Polearms
    23 | D        | Reached XP level 4. HP: 47/47 MP: 3/3
    23 | D        | Reached XP level 5. HP: 52/52 MP: 4/4
    25 | D        | Killed a black bear
    26 | D        | Reached skill level 10 in Polearms
    28 | D        | Reached XP level 6. HP: 62/62 MP: 5/5
    34 | D        | Found a snail-covered altar of Cheibriados.
    34 | D        | Found a shadowy altar of Dithmenos.
    34 | D        | Found a white marble altar of Elyvilon.
    34 | D        | Found a blossoming altar of Fedhas.
    34 | D        | Found an opulent altar of Gozag.
    35 | D        | Found a hazy altar of Hepliaklqana.
    36 | D        | Found a viscous altar of Jiyva.
    37 | D        | Found an ancient bone altar of Kikubaaqudgha.
    38 | D        | Found a corrupted altar of Lugonu.
    39 | D        | Found a burning altar of Makhleb.
    40 | D        | Found a sparkling altar of Nemelex Xobeh.
    41 | D        | Found an iron altar of Okawaru.
    42 | D        | Became a worshipper of Gozag Ym Sagoz the Greedy
    43 | D        | Found a stormy altar of Qazlal.
    44 | D        | Found a sacrificial altar of Ru.
    45 | D        | Found a shimmering blue altar of Sif Muna.
    46 | D        | Found a bloodstained altar of Trog.
    47 | D        | Found a hide-covered altar of Uskayaw.
    48 | D        | Found a radiant altar of Vehumet.
    49 | D        | Found an ornate altar of the Wu Jian Council.
    50 | D        | Found a shimmering altar of Xom.
    51 | D        | Found a basalt altar of Yredelemnul.
    52 | D        | Found a glowing silver altar of Zin.
    53 | D        | Found a glowing golden altar of the Shining One.
    94 | D        | Noticed a yak
    94 | D        | Noticed an orc warrior
    94 | D        | Noticed a troll
   104 | D        | Reached skill level 11 in Polearms
   113 | D        | Reached skill level 12 in Polearms
   119 | D        | Killed a troll
   120 | D        | Reached skill level 10 in Fighting
   120 | D        | Reached skill level 13 in Polearms
   120 | D        | Reached skill level 10 in Armour
   120 | D        | Reached XP level 7. HP: 31/72 MP: 6/6
   136 | D        | Killed a yak
   137 | D        | Reached skill level 14 in Polearms
   295 | D        | Noticed a white ugly thing
   295 | D        | Noticed a centaur warrior
   295 | D        | Noticed a six-headed hydra
   295 | D        | Noticed a slime creature
   304 | D        | Killed a slime creature
   305 | D        | Reached skill level 15 in Polearms
   305 | D        | Reached XP level 8. HP: 72/82 MP: 7/7
   310 | D        | Killed an 11-headed hydra
   311 | D        | Reached skill level 16 in Polearms
   315 | D        | Killed a centaur warrior
   316 | D        | Reached skill level 17 in Polearms
   316 | D        | Reached XP level 9. HP: 53/93 MP: 8/8
   322 | D        | Killed a white ugly thing
   323 | D        | Reached skill level 18 in Polearms
   581 | D        | Noticed Josephine
   598 | D        | Killed Josephine
   599 | D        | Reached skill level 19 in Polearms
   603 | D        | HP: 1/95 [wraith[Josephine] (10)]
   605 | D        | Slain by a wraith

Illustrated notes

Levels and vault maps discovered:
D:        linesprint [early_d, line_temple, items_1, d_10, items_2, lair_1,
          lair_end, items_3, orc_1, orc_end, items_4, d_15, swamp_1, shoals_1,
          snake_1, spider_1, d_20, vaults_1, items_5, swamp_end, shoals_end,
          snake_end, spider_end, vaults_end, d_27, items_6, zot_1, zot_end,
          crypt_end, forest_end, elf_end, slime_end, tomb_end, abyss_end,
          pan_hell_end]

Skill      XL: |  1  2  3  4  5  6  7  8  9 |
---------------+----------------------------+-----
Polearms       | 6 9 10 13 15 17 19 | 19.1
Fighting       | 5 7 8 10 11 13 14 | 14.2
Armour         | 5 7 8 10 11 13 14 | 14.2
Shields        | |  3.6

Action                     |  1- 3 |  4- 6 |  7- 9 || total
---------------------------+-------+-------+-------++-------
  Melee: Trident           |    10 |     4 |       ||    14
         Headbutt          |     1 |     3 |    15 ||    19
         Halberd           |       |    24 |    62 ||    86
    Use: Potion            |     1 |     1 |     2 ||     4
   Stab: Distracted        |       |       |     1 ||     1
 Armour: Scale mail        |     2 |    18 |     6 ||    26
         Plate armour      |       |       |    25 ||    25
  Dodge: Dodged            |     4 |     9 |    11 ||    24
  Block: Buckler           |     1 |       |       ||     1
